AoeStats
← 騷護士

African Clearing

502916060Analyzed
4v4 RM · 1mo ago on Aug 29, 2026· 29m 31s· 8 players
Game mode
Random Map
Map size
Large (8 player)
Population
200
Speed
Normal
Resources
Standard
Victory
Conquest
Starting age
Dark Age
Ending age
Dark Age
RankedLock teamsTeams togetherTeam positionsShared explorationLock speedFull tech treeHidden civsTurbo modeCheats
Victory
Defeat
🇹🇼 Teutons · Taiwan
1587
+8
🇹🇼 Burmese · Taiwan
1503
+11
🇹🇼 Japanese · Taiwan
1464
+13
🇭🇰 Koreans · Hong Kong SAR China
1364
+17
🇹🇼 Cumans · Taiwan
1470
-16
🇹🇼 Chinese · Taiwan
1397
-12
🇹🇼 Britons · Taiwan
1386
-12
🇹🇼 Lithuanians · Taiwan
1330
-10
DDDDD
13:16 Feudal Age
12:19 Loom
13:51 Double-Bit Axe
16:00 Forging
16:19 Scale Barding Armor
21:51 Horse Collar
22:33 Fishing Lines
23:52 Town Watch
27:55 Castle Age
25:59 Fletching
26:32 Gold Mining
27:21 Bloodlines
28:04 Padded Archer Armor
28:33 Bodkin Arrow
28:49 Bow Saw
28:47 Gillnets
29:14 Leather Archer Armor
29:04 Husbandry
30:22 Wheelbarrow
上帝惡魔楊宗翰
4:53 Loom
13:24 Feudal Age
15:10 Double-Bit Axe
18:22 Wheelbarrow
19:13 Scale Barding Armor
20:37 Horse Collar
24:05 Castle Age
22:41 Bloodlines
22:30 Fishing Lines
23:09 Forging
25:18 Chain Barding Armor
26:37 Bow Saw
Andy
11:00 Loom
13:20 Feudal Age
19:31 Castle Age
[TNT] TW_RED
13:25 Feudal Age
13:53 Loom
13:53 Town Watch
17:13 Castle Age
15:50 Horse Collar
tokey354
3:22 Loom
11:51 Feudal Age
13:06 Double-Bit Axe
15:28 Scale Barding Armor
18:25 Forging
25:38 Castle Age
28:26 Fletching
騷護士
3:28 Loom
13:20 Feudal Age
19:14 Castle Age
19:00 Double-Bit Axe
21:20 Wheelbarrow
21:02 Fletching
22:12 Bodkin Arrow
wildanimal
11:58 Feudal Age
12:31 Double-Bit Axe
14:46 Fletching
15:58 Padded Archer Armor
16:18 Loom
21:54 Castle Age
19:52 Gold Mining
22:33 Bodkin Arrow
21:59 Crossbowman
23:24 Bow Saw
25:53 Ballistics
馬上贏
9:41 Loom
11:49 Feudal Age
13:17 Double-Bit Axe
13:28 Fishing Lines
15:44 Wheelbarrow
14:55 Town Watch
19:01 Horse Collar
20:19 Bloodlines
20:37 Scale Barding Armor
21:47 Forging
Connection lost

Rejoining the realm…

Still unreachable

The connection could not be restored.

Session expired

The server has moved on; the page needs a fresh start.